cohdb
Replays
Latest Replays
All Replays
Popular Replays
Top Player Replays
Match Explorer
How It Works
Community
CoH3 Stats
Reddit
Sign in to upload your games and track your stats! →
Sign in with Steam
Match 43947454
Unlisted
Match 43947454
Overview
Messages
Build Orders
End
Construct Barracks
Selects Advanced Infantry Battlegroup
Riflemen Squad
Riflemen Squad
Riflemen Squad
Riflemen Squad
Construct Medical Station
Selects Artillery Observers
Infantry Support Center
Construct Weapon Support Center
Selects Convert to Ranger Squad
M3 Armored Personnel Carrier
M3 Armored Personnel Carrier
Engineer Squad
Selects M2A1 105mm Howitzer Emplacement
stalker
Macho Man Randy Savage
Cjoffrey
Landser
Symbiosis
*Mule
0
0
Comments
sign in to comment!
No comments posted yet!